 Dungeon Crawl Stone Soup version 0.23.1-38-g628c18f (webtiles) character file.

Game seed: 7768376892557896745

449 doot the Destroyer (level 7, -12/37 HPs)
             Began as a Tengu Conjurer on Mar 28, 2019.
             Killed by divine providence
             ... invoked by an orc priest
              (14 damage)
             ... on level 5 of the Dungeon.
             The game lasted 00:07:47 (3869 turns).

doot the Destroyer (Tengu Conjurer)                 Turns: 3869, Time: 00:07:49

Health: -12/37     AC:  2    Str:  9    XL:     7   Next: 4%
Magic:  7/13       EV: 16    Int: 16    God:
Gold:   136        SH:  0    Dex: 15    Spells: 3/13 levels left

rFire    . . .     SeeInvis .   k - +0 quarterstaff
rCold    . . .     Gourm    .   (shield currently unavailable)
rNeg     . . .     Faith    .   a - +0 robe
rPois    .         Spirit   .   (helmet restricted)
rElec    .         Reflect  .   (no cloak)
rCorr    .         Harm     .   (no gloves)
MR       .....                  (boots unavailable)
Stlth    ++........             (no amulet)
HPRegen  0.12/turn              (no ring)
MPRegen  0.13/turn              (no ring)

@: flying quickly and evasively, quick
A: beak, talons 3, able to fly
a: Stop Flying


You were on level 5 of the Dungeon.
You were not hungry.

You visited 1 branch of the dungeon, and saw 5 of its levels.

You collected 136 gold pieces.

Inventory:

Hand Weapons
 h - a +0 short sword
 i - a -2 whip
 k - a +0 quarterstaff (weapon)
 p - a cursed -3 scythe
Armour
 a - a +0 robe (worn)
 d - a +0 buckler
Jewellery
 s - a +5 ring of slaying {unknown}
Scrolls
 b - 2 scrolls of remove curse
 e - a scroll of enchant weapon {unknown}
 f - a scroll of enchant armour {unknown}
 m - 4 scrolls of identify {unknown}
 o - a scroll of magic mapping {unknown}
 r - a scroll of amnesia {unknown}
Potions
 g - a potion of curing {unknown}
 j - a potion of flight {unknown}
 l - a potion of brilliance {unknown}
 n - a potion of lignification {unknown}
 q - a potion of berserk rage {unknown}
Comestibles
 c - 5 rations
 t - 4 chunks of flesh


   Skills:
 + Level 0.8 Fighting
 + Level 0.1 Staves
 + Level 3.2 Dodging
 + Level 2.5 Stealth
 + Level 3.7 Spellcasting
 + Level 8.7 Conjurations


You had 3 spell levels left.
You knew the following spells:

 Your Spells              Type           Power        Failure   Level  Hunger
a - Magic Dart            Conj           ####         1%          1    None
b - Searing Ray           Conj           ####..       1%          2    ##.....
c - Dazzling Spray        Conj/Hex       ###...       9%          3    ###....
d - Iskenderun's Mystic   Conj           ####....     4%          4    ####...

Your spell library contained the following spells:

 Spells                   Type           Power        Failure   Level  Hunger
 Force Lance              Conj/Tloc      ###.....     28%         4    ####...
 Fulminant Prism          Conj/Hex       ###.......   28%         4    ####...


Dungeon Overview and Level Annotations

Branches:
Dungeon (5/15)
 Temple: D:4-7

Altars:
Sif Muna

Shops:
D:5 }


Innate Abilities, Weirdness & Mutations

You have a beak for a mouth.
You have claws for feet.
You can fly continuously.


Message History

The puff of flame hits you!
* * * LOW HITPOINT WARNING * * *
Casting: Searing Ray (safe; 1% risk of failure)
Confirm with . or Enter, or press ? or * to list all spells.
Aiming: Dazzling Spray (safe; 9% risk of failure)
Press: ? - help, Shift-Dir - straight line The spray of energy hits something.
Casting: Dazzling Spray (safe; 9% risk of failure)
Confirm with . or Enter, or press ? or * to list all spells.
Aiming: Dazzling Spray (safe; 9% risk of failure)
Press: ? - help, Shift-Dir - straight line The spray of energy hits something.
Something barely misses you.
You closely miss something. Your kick misses something.
Your peck misses something. Something hits you.
* * * LOW HITPOINT WARNING * * *
The orc priest looks encouraged for a moment.
Something hits you but does no damage.
The orc priest invokes the aid of Beogh against you.
Beogh smites you!
You die...

#.# #.# #.#.#># #.. #.#
#.# #.#.#.. ...
#.######.# #.#.#######
......##.# ########.#.)
#.###.##.#
#........#########
#..##.##.#
#.#####o.....#...#
##.##.##.#
#.##.......#.#...#
#.##.##.#
#............#...#
#.##.##.#
#@...........#...#
##.##.##.#
#......#.....#...#
......##.####
#......#.....+....
.##.####....#
#...(..#....##...#
.##..###....#
#......###........
..........[.# #......#
######### ####.##..∩..#
#......#
......#..############.#
....#.#............)..#


You could see an orc priest.

Vanquished Creatures
  An ogre (D:4)
  2 crimson imps (D:5)
  A hound (D:4)
  A bullfrog skeleton (D:5)
  A jelly (D:5)
  An orc wizard (D:5)
  An iguana (D:4)
  A worker ant (D:4)
  A hound skeleton (D:5)
  6 adders
  3 gnolls (D:5)
  A worm (D:5)
  3 dart slugs (D:1)
  2 leopard geckos (D:5)
  3 orcs (D:5)
  A giant cockroach (D:4)
  4 quokkas
  2 bats
  2 goblins (D:1)
  2 kobolds (D:2)
  2 rats (D:2)
41 creatures vanquished.

Notes
Turn   | Place    | Note
-------+----------+-------------------------------------------
     0 | D:1      | doot the Tengu Conjurer began the quest for the Orb.
     0 | D:1      | Reached XP level 1. HP: 10/10 MP: 4/4
   207 | D:1      | Reached XP level 2. HP: 15/15 MP: 1/6
   258 | D:1      | Learned a level 2 spell: Searing Ray
   388 | D:2      | Reached skill level 6 in Conjurations
   591 | D:2      | Reached XP level 3. HP: 18/19 MP: 3/7
   731 | D:2      | Learned a level 3 spell: Dazzling Spray
   848 | D:3      | You fall through a shaft for 2 floors!
   848 | D:5      | Entered Level 5 of the Dungeon
  1040 | D:5      | Found Epuer's Gadget Emporium.
  1069 | D:5      | Reached skill level 7 in Conjurations
  1069 | D:5      | Reached XP level 4. HP: 24/24 MP: 4/8
  1149 | D:5      | Noticed an ice beast
  1477 | D:5      | Gained mutation: You can fly continuously. [Tengu growth]
  1477 | D:5      | Reached XP level 5. HP: 28/28 MP: 4/9
  1617 | D:4      | Noticed an ogre
  1627 | D:4      | Killed an ogre
  1627 | D:4      | Reached skill level 8 in Conjurations
  1627 | D:4      | Reached XP level 6. HP: 14/32 MP: 4/11
  1693 | D:4      | Learned a level 4 spell: Iskenderun's Mystic Blast
  3290 | D:5      | Found a deep blue altar of Sif Muna.
  3745 | D:5      | Reached XP level 7. HP: 30/37 MP: 5/13
  3869 | D:5      | Killed from afar by an orc priest

Skill      XL: |  1  2  3  4  5 |
---------------+----------------+-----
Conjurations   | 6 7 8 |  8.7
Dodging        | 3 |  3.2
Spellcasting   | 3 |  3.7
Fighting       | |  0.8
Staves         | |  0.1
Stealth        | |  2.5

Action                   |  1- 3 |  4- 6 |  7- 9 || total
-------------------------+-------+-------+-------++-------
Melee: Quarterstaff      |       |    24 |     1 ||    25
       Kick              |       |     6 |       ||     6
       Peck              |       |     6 |       ||     6
 Cast: Magic Dart        |    25 |    28 |       ||    53
       Searing Ray       |     6 |    15 |       ||    21
       Dazzling Spray    |       |     3 |     2 ||     5
       Iskenderun's Myst |       |     1 |       ||     1
 Abil: Fly               |       |     1 |       ||     1
  Use: Scroll            |       |     1 |       ||     1
  Eat: Chunk             |     1 |     2 |     1 ||     4
       Ration            |       |     2 |       ||     2
Armor: Robe              |     1 |     5 |     1 ||     7
Dodge: Dodged            |     4 |    34 |     1 ||    39
